 Dungeon Crawl Stone Soup version 0.28.0-62-gf88900778d (webtiles) character file.

Game seed: 2084047714868233682

497 cbfl8 the Chopper (level 6, 0/54 (56) HPs)
             Began as a Minotaur Fighter on Mar 14, 2023.
             Was a Follower of Elyvilon.
             Slain by a wight
             ... wielding a +1 dire flail
              (5 damage)
             ... on level 4 of the Dungeon.
             The game lasted 00:03:07 (4079 turns).

cbfl8 the Chopper (Minotaur Fighter)                Turns: 4079, Time: 00:03:08

HP:   0/54 (56)     AC: 14    Str: 20    XL:     6   Next: 93%
MP:   5/5           EV:  6    Int:  5    God:    Elyvilon [*.....]
Gold: 131           SH:  5    Dex: 12    Spells: 5/5 levels left

rFire   . . .      SeeInvis .   a - +0 war axe
rCold   . . .      Faith    .   c - +0 buckler
rNeg    . . .      Spirit   .   l - +0 plate armour
rPois   .          Reflect  .   (helmet restricted)
rElec   .          Harm     .   d - +0 cloak
rCorr   .          Rampage  .   o - +0 pair of gloves
Will    .....                   (no boots)
Stlth   ..........              (no amulet)
HPRegen 0.18/turn               (no ring)
MPRegen 0.09/turn               (no ring)

@: lightly drained
A: horns 2, retaliatory headbutt
a: Renounce Religion, Purification


You were on level 4 of the Dungeon.
You worshipped Elyvilon.
Elyvilon was aware of your devotion.
You visited 1 branch of the dungeon, and saw 4 of its levels.

You collected 131 gold pieces.

Inventory:

Hand Weapons
 a - a +0 war axe (weapon)
Armour
 c - a +0 buckler (worn)
 d - a +0 cloak (worn)
 l - a +0 plate armour (worn)
 o - a +0 pair of gloves (worn)
Wands
 m - a wand of paralysis (5) (quivered)
Scrolls
 b - a scroll of enchant armour {unknown}
 f - 3 scrolls of identify {unknown}
 h - 2 scrolls of teleportation {unknown}
 n - a scroll of fog {unknown}
Potions
 e - 2 potions of attraction {unknown}
 g - 4 potions of haste {unknown}
 i - a potion of heal wounds {unknown}
 j - a potion of brilliance {unknown}
 k - a potion of curing {unknown}


   Skills:
 * Level 5.2 Fighting
 + Level 5.4 Axes
 + Level 5.1 Armour
 * Level 2.6 Dodging
 + Level 0.4 Stealth
 + Level 4.0 Shields
 * Level 1.9 Evocations


You had 5 spell levels left.
You didn't know any spells.
Your spell library contained the following spells:

 Spells                   Type           Power      Damage    Failure   Level
 Beastly Appendage        Tmut           0%         N/A       100%        1
 Shock                    Conj/Air       0%         1d3       100%        1
 Wereblood                Tmut           0%         N/A       100%        2
 Ignite Poison            Fire/Tmut/Pois 0%         N/A       100%        3
 Mephitic Cloud           Conj/Pois/Air  0%         N/A       100%        3
 Spider Form              Tmut/Pois      0%         N/A       100%        3
 Summon Guardian Golem    Hex/Summ       0%         N/A       100%        3
 Swiftness                Air            0%         N/A       100%        3
 Airstrike                Air            0%         N/A       100%        4
 Summon Lightning Spire   Summ/Air       0%         N/A       100%        4
 Freezing Cloud           Conj/Ice/Air   0%         6-21      100%        5
 Lightning Bolt           Conj/Air       0%         1d11      100%        5
 Orb of Destruction       Conj           0%         9d5       100%        7
 Spellforged Servitor     Conj/Summ      0%         N/A       100%        7


Dungeon Overview and Level Annotations

Branches:
Dungeon (4/15)
 Temple: D:4-7

Altars:
Elyvilon


Innate Abilities, Weirdness & Mutations

You have a pair of horns on your head.
You reflexively headbutt those who attack you in melee.


Message History

a +0 flail; a +0 leather armour You block the wight's attack.
The wight hits you with a +3 battleaxe.
You feel drained.
You slash the wight! You headbutt the wight.
You destroy the wight!
Your life force feels restored.
You slash the wight!
You headbutt the wight, but do no damage.
The wight is moderately damaged.
The wight hits you with a +3 battleaxe!
You feel drained.
Okay, then.
You barely miss the wight. You headbutt the wight.
The wight is heavily damaged.
The wight hits you but does no damage.
You closely miss the wight. You headbutt the wight.
The wight is almost destroyed.
The wight hits you with a +3 battleaxe! x2
You barely miss the wight. Your headbutt misses the wight.
The wight is almost destroyed.
The wight hits you with a +3 battleaxe.
You feel drained.
You slash the wight!
You destroy the wight!
The wight hits you with a +1 dire flail.
You feel drained.
Your Armour skill increases to level 5!
You closely miss the wight.
The wight hits you with a +1 dire flail.
* * * LOW HITPOINT WARNING * * *
You hit the wight but do no damage. The wight closely misses you.
You furiously retaliate!
You headbutt the wight. You closely miss the wight.
The wight is lightly damaged.
The wight hits you with a +1 dire flail!
* * * LOW HITPOINT WARNING * * *
Aiming: Paralyse
Press: ? - help, Q - select action, (/) - cycle Shift-Dir - straight line, f - wight
Aim: a wight, wielding a +1 dire flail and wearing a +0 robe (lightly damaged, chance to affect: 53%)
The wight resists with significant effort.
The wight hits you with a +1 dire flail.
You die...

.. ###)###.#.##... ##
#.###.#.##### #.z##.#
##.## ####..# #.....#
#.##....#
#######.##.#......
#...@z..##.#....).
#.########.##>....
####.# #.##.....
#....# #........
#.###########........
#.# #..............
#.####......†.......
#............#
#######........#


You could see a wight.

Vanquished Creatures
  Sigmund (D:3)
  2 wights (D:4)
  An orc priest (D:3)
  An orc wizard (D:3)
  Ijyb (D:3)
  6 gnolls
  3 adders
  An adder skeleton (D:4)
  2 worms (D:2)
  A dart slug (D:2)
  11 orcs
  4 ball pythons
  5 endoplasms
  3 giant cockroaches
  4 hobgoblins
  3 jackals (D:2)
  4 kobolds
  2 quokkas (D:3)
  7 bats
  A frilled lizard (D:1)
  7 goblins
  7 rats
77 creatures vanquished.

Notes
Turn   | Place    | Note
-------+----------+-------------------------------------------
     0 | D:1      | cbfl8 the Minotaur Fighter began the quest for the Orb.
     0 | D:1      | Reached XP level 1. HP: 19/19 MP: 0/0
    77 | D:1      | You fall into a shaft and drop 1 floor!
   117 | D:2      | Reached XP level 2. HP: 26/27 MP: 1/1
   730 | D:1      | Reached XP level 3. HP: 33/33 MP: 2/2
   883 | D:1      | Reached skill level 1 in Dodging
  1062 | D:2      | Reached XP level 4. HP: 3/41 MP: 3/3
  2283 | D:3      | Reached skill level 1 in Evocations
  2283 | D:3      | Reached XP level 5. HP: 18/47 MP: 4/4
  2511 | D:3      | Found a white marble altar of Elyvilon.
  2528 | D:3      | Became a worshipper of Elyvilon the Healer
  2969 | D:3      | Noticed Ijyb
  2977 | D:3      | Paralysed by Ijyb for 2 turns
  2986 | D:3      | Killed Ijyb
  3097 | D:3      | Noticed Sigmund
  3100 | D:3      | Killed Sigmund
  3101 | D:3      | Reached skill level 5 in Fighting
  3101 | D:3      | Reached XP level 6. HP: 53/56 MP: 5/5
  3544 | D:4      | Reached skill level 5 in Axes
  3804 | D:4      | Reached * piety under Elyvilon
  4076 | D:4      | Reached skill level 5 in Armour
  4079 | D:4      | Slain by a wight

Illustrated notes

Levels and vault maps discovered:
D:1:      denvon_arrival_planthouse, layout_basic
D:2:      layout_basic
D:3:      layout_basic, elyvilon_altar_4, minmay_bisected, uniq_ijyb,
          uniq_sigmund
D:4:      layout_basic, kennysheep_mini, serial_shops, shop_fountains,
          interstate_on_off

Skill      XL: |  1  2  3  4  5  6 |
---------------+-------------------+-----
Fighting       | 4 5 |  5.2
Armour         | 4 5 |  5.1
Dodging        | 1 2 |  2.6
Axes           | 3 4 5 |  5.4
Evocations     | 1 |  1.9
Shields        | 4 |  4.0
Stealth        | |  0.4

Action                   |  1- 3 |  4- 6 || total
-------------------------+-------+-------++-------
Melee: War axe           |    64 |   100 ||   164
       Headbutt          |     6 |    22 ||    28
Evoke: Wand              |       |     1 ||     1
  Use: Potion            |     1 |       ||     1
Armor: Scale mail        |    27 |    23 ||    50
       Plate armour      |       |    32 ||    32
Dodge: Dodged            |    30 |    35 ||    65
Block: Buckler           |    20 |    15 ||    35
